 Dungeon Crawl Stone Soup version 0.31.0-32-g396128a36d (webtiles) character file.

Game seed: 1007017836669664954

12999 Murmeli the Thaumaturge (level 11, -4/73 HPs)
             Began as a Mummy Necromancer on Apr 13, 2024.
             Was a Priest of Makhleb.
             Shot with a bolt by a kobold blastminer (15 damage)
             ... on level 1 of the Orcish Mines.
             The game lasted 02:22:01 (10597 turns).

Murmeli the Thaumaturge (Mummy Necromancer)        Turns: 10597, Time: 02:22:02

Health: -4/73      AC:  6    Str: 11    XL:     11   Next: 69%
Magic:  3/29       EV: 18    Int: 24    God:    Makhleb [***...]
Gold:   1267       SH:  0    Dex: 14    Spells: 23/39 levels left

rFire   x . .        o - staff of alchemy
rCold   + . .        (no shield)
rNeg    + + +        a - +2 robe
rPois   ∞            (no helmet)
rElec   .            q - +0 cloak
rCorr   .            b - +0 pair of gloves
SInv    .            (no boots)
Will    +....        g - amulet of regeneration
Stlth   ++           i - +5 ring of evasion
HPRegen 1.12/turn    l - +6 ring of intelligence
MPRegen 0.21/turn

%: faith
@: no status effects
A: cold resistance 1, negative energy resistance 3, torment resistance 2, heat
vulnerability 1, in touch with death 1, no potions, faith
a: Renounce Religion, Minor Destruction, Lesser Servant of Makhleb


You were on level 1 of the Orcish Mines.
You worshipped Makhleb.
Makhleb was most pleased with you.
You visited 3 branches of the dungeon, and saw 12 of its levels.

You collected 1267 gold pieces.

Inventory:

Hand Weapons
 m - the +0 trident of the Lurker {venom, rElec Dex+6}
   (You found it on level 9 of the Dungeon)

   Dex+6:     It affects your dexterity (+6).
   rElec:     It insulates you from electricity.
Armour
 a - a +2 robe (worn)
 b - a +0 pair of gloves (worn)
 q - a +0 cloak (worn)
Magical Staves
 d - a staff of cold
 o - a staff of alchemy (weapon)
Jewellery
 c - a ring of ice
 g - an amulet of regeneration (around neck)
 i - a +5 ring of evasion (left hand)
 k - an amulet of magic regeneration
 l - a +6 ring of intelligence (right hand)
Wands
 f - a wand of polymorph (13)
 j - a wand of charming (10)
 n - a wand of flame (18) (quivered)
 p - a wand of roots (11)
Scrolls
 e - 4 scrolls of teleportation
 h - 4 scrolls of identify


   Skills:
 + Level 2.5 Fighting
 + Level 1.8 Staves
 + Level 3.6 Dodging
 + Level 3.0 Stealth
 + Level 14.9 Spellcasting
 + Level 1.3 Conjurations
 + Level 2.1 Summonings
 + Level 9.7 Necromancy
 + Level 2.3 Ice Magic
 + Level 1.8 Air Magic
 + Level 6.3 Alchemy


You had 23 spell levels left.
You knew the following spells:

 Your Spells              Type           Power      Damage    Failure   Level
a - Necrotise             Necr           100%       1d9       1%          1
b - Mercury Vapours       Alch/Air       100%       N/A       1%          2
c - Hailstorm             Conj/Ice       26%        3d7       4%          3
d - Olgreb's Toxic Radia  Alch           64%        N/A       2%          4
e - Summon Ice Beast      Ice/Summ       28%        N/A       3%          3
f - Ozocubu's Armour      Ice            29%        N/A       3%          3

Your spell library contained the following spells:

 Spells                   Type           Power      Damage    Failure   Level
 Sting                    Conj/Alch      100%       1d9       1%          1
 Fugue of the Fallen      Necr           77%        N/A       1%          3
 Vampiric Draining        Necr           77%        2d11      1%          3
 Animate Dead             Necr           77%        N/A       1%          4
 Curse of Agony           Necr           77%        N/A       1%          5
 Martyr's Knell           Necr/Summ      62%        N/A       2%          4
 Apportation              Tloc           34%        N/A       3%          1
 Ensorcelled Hibernation  Hex/Ice        46%        N/A       3%          2
 Jinxbite                 Hex            34%        N/A       4%          2
 Anguish                  Hex/Necr       29%        N/A       4%          4
 Alistair's Intoxication  Alch           42%        N/A       7%          5
 Metabolic Englaciation   Hex/Ice        11%        N/A       50%         5
 Sculpt Simulacrum        Ice/Alch       27%        N/A       63%         6


Dungeon Overview and Level Annotations

Branches:
Dungeon (9/15)             Temple (1/1) D:7             Orc (2/2) D:9
    Elf (0/3) Orc:2
   Lair: D:8-11

Altars:
Ashenzari
Cheibriados
Dithmenos
Fedhas
Gozag
Hepliaklqana
Kikubaaqudgha
Makhleb
Nemelex Xobeh
Qazlal
Ru
Sif Muna
Trog
Uskayaw
Vehumet
Wu Jian
Xom
Yredelemnul


Innate Abilities, Weirdness & Mutations

You are immune to poison.
Your flesh is cold resistant. (rC+)
You are immune to negative energy. (rN+++)
You are immune to unholy pain and torment.
You are vulnerable to heat. (rF-)
You are in touch with the powers of death.
You do not drink.
You have a special connection with the divine. (Faith)


Message History

Confirm with . or Enter, or press ? or * to list all spells.
You feel a surge of power!
You begin to radiate toxic energy.
The orc priest is poisoned.
The ettin is poisoned.
The orc warrior is poisoned.
The orc is poisoned. x2
The orc shouts!
The orc is poisoned.
The kobold blastminer shouts!
The kobold blastminer is poisoned.
The orc sorcerer is poisoned.
The orc priest looks even sicker.
The ettin looks even sicker.
The orc warrior looks even sicker.
The orc looks even sicker. x2
The orc sorcerer looks even sicker.
You kill the orc!
Makhleb accepts your kill.
You feel better.
You kill the orc!
Makhleb accepts your kill.
You kill the orc!
Makhleb accepts your kill.
You feel better. The orc priest closely misses you.
The kobold blastminer wields a +0 arbalest.
The kobold blastminer shoots a bolt.
The bolt hits you.
* * * LOW HITPOINT WARNING * * *
Aiming: Polymorph
Press: ? - help, Shift-Dir - straight line, f - orc priest
Aim: an orc priest, wielding a +1 flail of holy wrath and wearing a +0 ring mail (heavily wounded, strong, very poisoned, will become a bombardier beetle, a jelly, or a howler monkey, chance to affect: 49%)
Okay, then.
Hit: o) staff of alchemy
Press: ? - help, Dir - move target, f - orc priest
Aim: an orc priest, wielding a +1 flail of holy wrath and wearing a +0 ring mail (heavily wounded, strong, very poisoned, about 34% to evade your staff of alchemy)
Okay, then.
The orc priest looks even sicker.
The ettin looks even sicker.
The orc sorcerer looks even sicker.
The kobold blastminer shoots a bolt.
The bolt barely misses you.
You kill the orc priest!
Makhleb accepts your kill.
You feel better.
The orc warrior looks even sicker.
The orc sorcerer looks as sick as possible!
Your toxic aura wanes.
The kobold blastminer shoots a bolt.
The bolt hits you!
You die...

################
...#.....#.....##
......^.......$.#
.........#.....##
................#
.......C.@.....#
.....#..........#
.......>........#
................#
##...o......K...#
##......o......#
#..............#
)........#......#
##).........#...


You could see an ettin (very poisoned), a kobold blastminer (poisoned), an orc
sorcerer (extremely poisoned) and an orc warrior (very poisoned).

Vanquished Creatures
  An ettin (Orc:2)
  3 orc high priests (Orc:2)
  An orc sorcerer (Orc:2)
  3 kobold blastminers
  Maggie (D:8)
  2 trolls
  Prince Ribbit (D:5)
  Sigmund (D:5)
  A wyvern (D:9)
  15 yaks
  A warg (D:9)
  Edmund (D:5)
  A water moccasin (D:6)
  4 orc warriors
  An ice beast (D:8)
  2 sky beasts (D:8)
  3 ogres
  A wolf (D:9)
  A phantom (D:7)
  2 centaurs
  3 bullfrogs
  A kobold brigand (D:6)
  4 wights (D:7)
  11 killer bees
  3 howler monkeys (D:7)
  5 hounds
  5 jellies
  A bombardier beetle (D:6)
  3 orc priests
  An iguana (D:5)
  8 orc wizards
  A gnoll (D:5)
  8 adders
  A nameless horror (D:8)
  3 dart slugs
  3 ribbon worms
  41 orcs
  6 endoplasms
  A giant cockroach (D:1)
  2 hobgoblins
  5 jackals
  10 kobolds
  3 quokkas
  7 ball pythons
  7 bats
  2 frilled lizards
  6 goblins
  4 rats
201 creatures vanquished.

Vanquished Creatures (collateral kills)
  Erolcha (Orc:2)
  A two-headed ogre (D:7)
  Maurice (D:8)
  A troll (Orc:1)
  A yak (D:9)
  A wraith (D:9)
  A steam dragon (D:9)
  A warg (Orc:2)
  An orc warrior (Orc:1)
  A wolf (D:9)
  A wight (D:7)
  A hound (D:7)
  An orc priest (Orc:1)
  A sleepcap (D:8)
  A shadow imp (D:5)
  A white imp (D:7)
  A ribbon worm (D:2)
  An orc (D:6)
  A ball python (D:1)
  An endoplasm (D:4)
  A goblin (D:2)
21 creatures vanquished.

Grand Total: 222 creatures vanquished

Notes
Turn   | Place    | Note
-------+----------+-------------------------------------------
     0 | D:1      | Murmeli the Mummy Necromancer began the quest for the Orb.
     0 | D:1      | Reached XP level 1. HP: 13/13 MP: 4/4
   210 | D:1      | Reached skill level 3 in Spellcasting
   210 | D:1      | Reached XP level 2. HP: 19/19 MP: 0/6
  1105 | D:2      | Learned a level 2 spell: Mercury Vapours
  1124 | D:2      | Reached XP level 3. HP: 24/24 MP: 5/8
  1369 | D:2      | Reached skill level 4 in Spellcasting
  1646 | D:2      | Reached XP level 4. HP: 30/30 MP: 2/10
  2609 | D:3      | Found a faded altar of an unknown god.
  2785 | D:4      | Reached skill level 5 in Spellcasting
  2805 | D:4      | Reached XP level 5. HP: 35/35 MP: 2/12
  3031 | D:4      | Reached skill level 5 in Necromancy
  3332 | D:5      | Entered Level 5 of the Dungeon
  3341 | D:5      | Reached skill level 1 in Alchemy
  3435 | D:5      | Noticed Prince Ribbit
  3463 | D:5      | Killed Prince Ribbit
  3464 | D:5      | Reached skill level 6 in Spellcasting
  3464 | D:5      | Reached XP level 6. HP: 41/41 MP: 0/15
  3780 | D:5      | Reached XP level 7. HP: 47/47 MP: 11/16
  3783 | D:5      | Found a shimmering blue altar of Sif Muna.
  3797 | D:5      | Noticed Edmund
  3818 | D:5      | Killed Edmund
  3819 | D:5      | Reached skill level 7 in Spellcasting
  3829 | D:5      | Identified the +1 leather armour of Gallantry {+Blink rC+
                  | rN+}
  3954 | D:5      | Noticed Sigmund
  4267 | D:5      | Killed Sigmund
  4366 | D:5      | Reached skill level 1 in Air Magic
  4537 | D:6      | Reached XP level 8. HP: 39/53 MP: 12/19
  4539 | D:6      | Reached skill level 8 in Spellcasting
  5280 | D:6      | Found an opulent altar of Gozag.
  5582 | D:6      | Learned a level 3 spell: Hailstorm
  5587 | D:6      | Learned a level 4 spell: Olgreb's Toxic Radiance
  5676 | D:7      | Reached skill level 9 in Spellcasting
  6190 | D:7      | Learned a level 3 spell: Summon Ice Beast
  6232 | D:7      | Reached skill level 1 in Staves
  6397 | D:7      | Noticed a two-headed ogre
  6438 | D:7      | Killed a two-headed ogre
  6439 | D:7      | Reached skill level 1 in Fighting
  6439 | D:7      | Reached skill level 10 in Spellcasting
  6439 | D:7      | Reached skill level 1 in Ice Magic
  6439 | D:7      | Reached XP level 9. HP: 56/59 MP: 18/23
  6526 | D:7      | Found a shadowy altar of Dithmenos.
  6746 | D:7      | Found a staircase to the Ecumenical Temple.
  6755 | Temple   | Entered the Ecumenical Temple
  6883 | Temple   | Became a worshipper of Makhleb the Destroyer
  7183 | D:7      | Found a sparkling altar of Nemelex Xobeh.
  7549 | D:8      | Noticed Maurice
  7567 | D:8      | Reached skill level 11 in Spellcasting
  7636 | D:8      | Something stole an amulet of magic regeneration
  7637 | D:8      | Something stole a +3 dire flail of protection
  7809 | D:8      | Maurice stole 86 gold
  7825 | D:8      | Something stole 56 gold
  7829 | D:8      | Killed Maurice
  7830 | D:8      | Reached XP level 10. HP: 65/67 MP: 2/25
  7872 | D:8      | Reached skill level 1 in Summonings
  7894 | D:8      | Found a hide-covered altar of Uskayaw.
  8065 | D:8      | Found a shimmering altar of Xom.
  8079 | D:8      | Noticed Maggie
  8105 | D:8      | Killed Maggie
  8285 | D:9      | Found a staircase to the Orcish Mines.
  8300 | D:9      | Reached skill level 12 in Spellcasting
  8302 | D:9      | Reached * piety under Makhleb
  8412 | D:9      | Learned a level 3 spell: Ozocubu's Armour
  8524 | D:9      | Reached skill level 1 in Conjurations
  9052 | D:9      | Reached skill level 13 in Spellcasting
  9087 | D:9      | Identified the +0 trident of the Lurker {venom, rElec
                  | Dex+6}
  9566 | Orc:1    | Entered Level 1 of the Orcish Mines
  9569 | Orc:1    | Reached ** piety under Makhleb
  9576 | Orc:1    | Reached XP level 11. HP: 73/73 MP: 1/28
  9585 | Orc:1    | Reached skill level 5 in Alchemy
  9930 | Orc:2    | Entered Level 2 of the Orcish Mines
  9930 | Orc:2    | Noticed Erolcha
  9963 | Orc:2    | Killed Erolcha
  9964 | Orc:2    | Reached skill level 14 in Spellcasting
 10020 | Orc:2    | Noticed an orc sorcerer
 10029 | Orc:2    | Killed an orc sorcerer
 10322 | Orc:2    | Found a staircase to the Elven Halls.
 10441 | Orc:2    | Reached *** piety under Makhleb
 10449 | Orc:2    | Noticed an ettin
 10497 | Orc:2    | Killed an ettin
 10532 | Orc:2    | Noticed an orc high priest
 10537 | Orc:2    | Noticed an orc high priest
 10538 | Orc:2    | Noticed an orc high priest
 10542 | Orc:2    | Killed an orc high priest
 10543 | Orc:2    | Noticed an orc knight
 10545 | Orc:2    | Killed an orc high priest
 10562 | Orc:2    | Killed an orc high priest
 10586 | Orc:2    | Noticed an orc knight
 10594 | Orc:1    | Noticed an ettin
 10594 | Orc:1    | Noticed an orc sorcerer
 10597 | Orc:1    | Shot with a bolt by a kobold blastminer

Illustrated notes

Levels and vault maps discovered:
D:1:      eino_arrival_druids_welcome, layout_loops_ring, minmay_bisected
D:2:      layout_basic, skrybe_limestone_x
D:3:      layout_loops_corners, shapermc_ecumenical_altar_hornbeckon
D:4:      layout_loops_ring
D:5:      layout_rooms, mainiacjoe_overflow_catwalk, chequers_garden,
          cheibrodos_gnoll_hut, uniq_prince_ribbit1, uniq_sigmund, uniq_edmund
D:6:      layout_loops_corners, nicolae_gozag_cash_rules_everything_around_me,
          corexii_hall_statues_l
D:7:      layout_loops_ring, grunt_dithmenos_shadows,
          mainiacjoe_overflow_alcove_4, minmay_temple_entry_statues_pillars
D:8:      layout_rooms, mainiacjoe_overflow_chevrons, xom_teletrap_fun,
          uniq_maggie, uniq_maurice
D:9:      layout_irregular_city, minmay_orc_entry_guard_dogs
Temple:   nicolae_temple_bog_church
Orc:1:    layout_caves
Orc:2:    st_orc_elflike, layout_caves, mines1_david, uniq_erolcha

Skill      XL: |  1  2  3  4  5  6  7  8  9 10 11 |
---------------+----------------------------------+-----
Spellcasting   | 3 4 5 6 7 10 11 13 14 | 14.9
Necromancy     | 5 6 7 8 9 |  9.7
Alchemy        | 1 2 3 4 6 |  6.3
Air Magic      | 1 |  1.8
Dodging        | 3 |  3.6
Stealth        | 2 3 |  3.0
Staves         | 1 |  1.8
Fighting       | 1 2 |  2.5
Ice Magic      | 1 2 |  2.3
Summonings     | 1 2 |  2.1
Conjurations   | 1 |  1.3

Action                     |  1- 3 |  4- 6 |  7- 9 | 10-12 || total
---------------------------+-------+-------+-------+-------++-------
  Melee: Spear             |     3 |       |       |       ||     3
         Staff             |     1 |    28 |   124 |    39 ||   192
         Punch             |       |     1 |     1 |       ||     2
   Cast: Necrotise         |    63 |    88 |   146 |    53 ||   350
         Mercury Vapours   |     2 |    10 |    26 |    15 ||    53
         Hailstorm         |       |       |    15 |     6 ||    21
         Olgreb's Toxic Ra |       |       |     9 |    42 ||    51
         Summon Ice Beast  |       |       |     8 |    20 ||    28
    Use: Scroll            |     3 |     3 |     1 |     4 ||    11
   Stab: Distracted        |       |       |       |     2 ||     2
 Armour: Robe              |     8 |    33 |   115 |    80 ||   236
  Dodge: Dodged            |     8 |    52 |   155 |   130 ||   345
